[Event "Summer Prague Open-A 2022"]
[Site "Prague"]
[Date "2022.08.06"]
[Round "2.14"]
[White "Sidletskyi, Ivan"]
[Black "Hrabusa, Matej"]
[Result "1-0"]
[ECO "B96"]
[WhiteElo "2075"]
[BlackElo "2354"]
[Annotator "TA"]
[PlyCount "131"]
[EventDate "2022.08.05"]
[EventType "swiss"]
[EventCountry "CZE"]
[SourceTitle "playchess.com"]
[Source "ChessBase"]
[SourceQuality "1"]
[TimeControl "40/5400+30:1800+30"]

1. e4 c5 2. Nf3 d6 3. d4 cxd4 4. Nxd4 Nf6 5. Nc3 a6 6. Bg5 e6 7. f4 h6 8. Bh4 Qb6 9. Qd2 {[%emt 0:03:54] B96: Sicilian Najdorf: 6 Bg5 e6 7 f4, lines other than 7...Qb6 and 7...Be7.} Qxb2 10. Rb1 Qa3 11. f5 {[%emt 0:02:32] The position is equal.} Be7 12. fxe6 fxe6 13. Bc4 $1 Nxe4 $1 14. Nxe4 Bxh4+ 15. g3 Bg5 16. Nxg5 hxg5 17. O-O (17. Nxe6 Bxe6 18. Bxe6 (18. Rb3 $2 Qa4 $19) 18... Qxg3+ $1 19. hxg3 Rxh1+ 20. Kf2 Rh2+ 21. Ke3 Rxd2 22. Kxd2 Ra7 $15) 17... Qc5 {[%emt 0:10:58] [#]} 18. Bxe6 $146 ({Predecessor:} 18. Qf2 Nc6 19. Nxe6 Qxf2+ 20. Rxf2 Bxe6 21. Bxe6 Rb8 22. Bd5 Ne5 23. Bxb7 Ke7 24. Rb3 {½-½ (32) Ortiz Suarez,I (2577)-Vachier Lagrave,M (2744) Baku 2015}) 18... Nc6 19. Bf7+ $1 (19. Bxc8 $2 Nxd4 20. Qb4 Rxc8 $19) 19... Kd8 20. c3 Kc7 21. Rf2 (21. Bg6 $11) 21... g4 (21... Rf8 $1 $15) 22. Be6 $14 {[%emt 0:14:23] Hoping for Bxc8.} Nd8 23. Rf5 Qa7 24. Kh1 {[%emt 0:02:11] 0x0.0005ecbda66fdp-1022s more active pieces.} Re8 (24... Bxe6 25. Nxe6+ Nxe6 26. Rf7+ Kc6 27. Qg2+ d5 28. c4 $11) (24... g6 $1 $14 25. Rf6 Qc5) 25. Bxc8 $18 Rxc8 {[%emt 0:00:50] [#]} 26. Qf4 (26. Ra5 $1 $18 {Nb5+ is the strong threat.} Re5 {[#]} 27. Nf5 $1 (27. Nb5+ Rxb5 28. Rbxb5 Nc6 $16)) 26... Re7 27. Rd5 ({Resist} 27. Qxg4 Kb8) ({White should try} 27. Ra5 $16 {And now Nb5+ would win.} Qa8 28. Nb5+ (28. Rd5 Nf7 $14) (28. Rc5+ Nc6 $14) 28... Kd7 29. Kg1 (29. Qxd6+ Ke8 $14) (29. Qxg4+ Ne6 $11)) 27... Nf7 $1 $14 28. Qxg4 Kb8 29. Qxg7 {[%emt 0:01:17][%cal Od4c6] Threatens to win with Nc6+!} Rec7 {[%emt 0:00:34] Prevents Nc6+.} (29... b5 $11 {remains equal.} 30. Kg1 Ka8) 30. Qf6 $16 Ka8 (30... b6 $142) 31. Qf2 (31. Qe6 $16) 31... Ne5 $14 32. Rb3 Nc4 (32... Rf7 $11 33. Qe1 Qb8) 33. Rf5 Rc5 (33... Qb8 $14) 34. Rf7 $16 Na5 35. Rb1 $40 {[%emt 0:01:06][%mdl 128] White has strong attack.} Rxc3 36. Ne6 {[%emt 0:01:06] Against Qc5} Qxf2 37. Rxf2 Nc4 38. Rb3 Ne3 $1 {[%emt 0:01:20] ( -> ...Rc1+)} 39. Rxc3 Rxc3 $14 {[%emt 0:00:05][%mdl 4096] Endgame KRN-KRN} 40. h3 {[%emt 0:00:15] aiming for g4.} Rc1+ $2 {[%emt 0:02:09] Black cannot hold the game after this.} ({Better is} 40... Nd1 $1 $14 41. Rf1 Ne3) 41. Kh2 $18 Re1 (41... Nf1+ {was worth a try.} 42. Kg2 Ne3+ 43. Kf3 Nc4) 42. Nf4 b5 (42... Kb8 $142 43. g4 Nf1+ 44. Kg2 Ne3+ 45. Kh2 Nf1+ 46. Kg2 Ne3+ 47. Kh2) 43. g4 Nf1+ 44. Kg2 Ne3+ 45. Kf3 {[%emt 0:00:00] Strongly threatening Re2.} Nc4 46. g5 Ne5+ 47. Kg2 b4 48. g6 Nxg6 49. Nxg6 {[%emt 0:00:00] KRN-KR} a5 50. Nf4 {[%emt 0:00:00] Inhibits Re6.} a4 51. Nd3 Re4 52. Kf3 Rd4 53. Ke3 Rh4 54. Nf4 Rh8 55. Rb2 Re8+ 56. Kd3 Rb8 57. h4 b3 58. axb3 Rb4 59. Ke3 a3 60. Ra2 Rxb3+ 61. Ke4 {[%emt 0:00:00] White mates.} Kb7 62. h5 Kc6 63. h6 d5+ 64. Kf5 d4 65. h7 Rb5+ 66. Ke4 {Weighted Error Value: White=0.19 (very precise) /Black=0.46} 1-0

[Event "Summer Prague Open-A 2022"]
[Site "Prague"]
[Date "2022.08.06"]
[Round "2.15"]
[White "Sarkar, Justin"]
[Black "Vecera, Dominik"]
[Result "1/2-1/2"]
[ECO "A57"]
[WhiteElo "2346"]
[BlackElo "2066"]
[Annotator "RC"]
[PlyCount "70"]
[EventDate "2022.08.05"]
[EventType "swiss"]
[EventCountry "CZE"]
[SourceTitle "playchess.com"]
[Source "ChessBase"]
[SourceQuality "1"]
[TimeControl "40/5400+30:1800+30"]

1. d4 Nf6 2. c4 c5 3. d5 b5 4. cxb5 a6 5. e3 e6 6. Nc3 axb5 7. Bxb5 Ba6 8. Bxa6 Nxa6 9. e4 Qa5 10. dxe6 dxe6 11. e5 Nd5 12. Nge2 Nab4 13. O-O Be7 14. a3 Qa6 15. Bh6 Nd3 16. Nxd5 exd5 17. Bxg7 Rg8 18. Bf6 c4 19. Nc1 Nf4 20. g3 Bxf6 21. exf6 Qxf6 22. Kh1 Qf5 23. Qf3 Qh3 24. Re1+ Ne6 25. Qxd5 Rd8 26. Qxc4 Rg5 27. Qf1 Qf5 28. f4 Rh5 29. Qg2 Qg4 30. a4 Kf8 31. Ne2 Rd2 32. Rad1 Rxb2 33. Rb1 Ra2 34. Ra1 Rd2 35. Rad1 Ra2 1/2-1/2

[Event "Summer Prague Open-A 2022"]
[Site "Prague"]
[Date "2022.08.06"]
[Round "2.16"]
[White "Zimmermann, Luc"]
[Black "Ranaldi, Lucas"]
[Result "0-1"]
[ECO "B19"]
[WhiteElo "2074"]
[BlackElo "2339"]
[Annotator "RC"]
[PlyCount "98"]
[EventDate "2022.08.05"]
[EventType "swiss"]
[EventCountry "CZE"]
[SourceTitle "playchess.com"]
[Source "ChessBase"]
[SourceQuality "1"]
[TimeControl "40/5400+30:1800+30"]

1. e4 c6 2. d4 d5 3. Nc3 dxe4 4. Nxe4 Bf5 5. Ng3 Bg6 6. h4 h6 7. Nf3 Nd7 8. h5 Bh7 9. Bd3 Bxd3 10. Qxd3 e6 11. Bd2 Ngf6 12. O-O-O Be7 13. Ne4 Nxe4 14. Qxe4 Nf6 15. Qe2 Qd5 16. c4 Qe4 17. Qxe4 Nxe4 18. Be3 f5 19. Kc2 O-O 20. Rde1 Bf6 21. Re2 b5 22. Bf4 Rfd8 23. Rd1 bxc4 24. Ne5 Bxe5 25. Bxe5 Rd5 26. f3 Ng5 27. Bf4 Kf7 28. Rde1 Re8 29. Kc3 Nh7 30. Be5 c5 31. dxc5 Rxc5 32. Rd1 Rd5 33. Rd4 Rxd4 34. Kxd4 Nf6 35. Bxf6 Kxf6 36. f4 Rc8 37. Rc2 Rd8+ 38. Kxc4 e5 39. fxe5+ Kxe5 40. Kb5 Rd7 41. Kc6 Rd4 42. Rc5+ Kf6 43. Ra5 Rd2 44. b4 Rxg2 45. Rxa7 f4 46. Ra8 Ke7 47. Kd5 f3 48. Ra3 Rd2+ 49. Kc6 Rd6+ 0-1

[Event "Summer Prague Open-A 2022"]
[Site "Prague"]
[Date "2022.08.06"]
[Round "2.17"]
[White "Risting, Eivind Olav"]
[Black "Hansch, Torsten"]
[Result "1-0"]
[ECO "D37"]
[WhiteElo "2325"]
[BlackElo "2055"]
[Annotator "RC"]
[PlyCount "85"]
[EventDate "2022.08.05"]
[EventType "swiss"]
[EventCountry "CZE"]
[SourceTitle "playchess.com"]
[Source "ChessBase"]
[SourceQuality "1"]
[TimeControl "40/5400+30:1800+30"]

1. d4 d5 2. c4 e6 3. Nc3 Be7 4. Nf3 Nf6 5. Bf4 O-O 6. e3 Nbd7 7. c5 c6 8. Bd3 b6 9. b4 a5 10. a3 Ba6 11. O-O Qc8 12. Na4 Bxd3 13. Qxd3 b5 14. Nc3 Qb7 15. Nd2 axb4 16. axb4 Rxa1 17. Rxa1 Ra8 18. Qb1 Ra6 19. h3 Qa8 20. Rxa6 Qxa6 21. Qb2 Bd8 22. Nb3 Ne8 23. f3 Bc7 24. Bxc7 Nxc7 25. e4 f6 26. Na5 Qa8 27. Qe2 Kf7 28. Kf2 Nb8 29. Qd2 Nba6 30. Ne2 Ne8 31. Nf4 Qc8 32. Nd3 Qc7 33. Nb3 Nb8 34. Qa2 Qb7 35. Qe2 Qd7 36. Qe3 Qc7 37. g3 Na6 38. Kg2 Nb8 39. h4 Na6 40. g4 g6 41. g5 Ng7 42. gxf6 Nh5 43. e5 1-0

[Event "Summer Prague Open-A 2022"]
[Site "Prague"]
[Date "2022.08.06"]
[Round "2.18"]
[White "Kulhanek, Tomas"]
[Black "Saypuri Srithan"]
[Result "1-0"]
[ECO "C43"]
[WhiteElo "2319"]
[BlackElo "1923"]
[Annotator "RC"]
[PlyCount "107"]
[EventDate "2022.08.05"]
[EventType "swiss"]
[EventCountry "CZE"]
[SourceTitle "playchess.com"]
[Source "ChessBase"]
[SourceQuality "1"]
[TimeControl "40/5400+30:1800+30"]

1. e4 e5 2. Nf3 Nf6 3. d4 Nxe4 4. Bd3 d5 5. dxe5 Nc5 6. Be2 Be7 7. O-O Ne6 8. Nc3 c6 9. Re1 Nd7 10. Bf1 Qc7 11. Nb1 b5 12. a4 bxa4 13. c4 dxc4 14. Qxa4 Nb6 15. Qc2 O-O 16. Na3 Bxa3 17. Rxa3 c5 18. Ng5 Nxg5 19. Bxg5 Bg4 20. Rg3 Qd7 21. e6 Bxe6 22. Bh6 Bg4 23. Bxg7 Kxg7 24. h3 f5 25. hxg4 fxg4 26. Qc3+ Rf6 27. Re5 Qd4 28. Qxd4 cxd4 29. Rxg4+ Kh8 30. Rxd4 Raf8 31. f3 Rf4 32. Rxf4 Rxf4 33. Kf2 Rd4 34. Ke3 Rd1 35. Be2 Rb1 36. Rb5 Na4 37. Bxc4 Nxb2 38. Rb8+ Kg7 39. Rg8+ Kf6 40. Be2 a5 41. Rf8+ Kg7 42. Ra8 a4 43. Ra7+ Kg6 44. Ra6+ Kg7 45. f4 Ra1 46. g4 a3 47. g5 a2 48. f5 Nc4+ 49. Kf4 Nd6 50. f6+ Kg6 51. Ra7 Nf7 52. Bd3+ Kh5 53. Rxf7 h6 54. Rh7 1-0

[Event "Summer Prague Open-A 2022"]
[Site "Prague"]
[Date "2022.08.06"]
[Round "2.19"]
[White "Jonsson, Gauti Pall"]
[Black "Sorm, Daniel"]
[Result "1/2-1/2"]
[ECO "B30"]
[WhiteElo "2071"]
[BlackElo "2308"]
[Annotator "RC"]
[PlyCount "96"]
[EventDate "2022.08.05"]
[EventType "swiss"]
[EventCountry "CZE"]
[SourceTitle "playchess.com"]
[Source "ChessBase"]
[SourceQuality "1"]
[TimeControl "40/5400+30:1800+30"]

1. e4 c5 2. Nf3 Nc6 3. Bc4 g6 4. O-O Bg7 5. c3 e6 6. d4 cxd4 7. cxd4 d5 8. exd5 exd5 9. Bb5 Nge7 10. Bg5 f6 11. Bf4 g5 12. Bd2 O-O 13. Bc3 Bg4 14. Nbd2 Qd7 15. Qb3 Ng6 16. Bb4 Rf7 17. Rfe1 Nf4 18. Re3 Bxf3 19. Nxf3 g4 20. Bxc6 Qxc6 21. Ne1 f5 22. Nd3 Nxd3 23. Qxd3 Qc4 24. Bc3 Qxd3 25. Rxd3 Re8 26. Re1 Rxe1+ 27. Bxe1 Re7 28. Kf1 Kf7 29. h3 h5 30. hxg4 fxg4 31. f3 Kg6 32. Bh4 Rc7 33. Rc3 Rc4 34. fxg4 Bxd4 35. gxh5+ Kxh5 36. Rxc4 dxc4 37. Bf2 Bxb2 38. Bxa7 c3 39. Bd4 Ba1 40. Be3 Bb2 41. Bd4 Ba1 42. Be3 Kg4 43. Ke2 Kg3 44. Kd3 Kxg2 45. Kc2 Kf3 46. Bd4 Ke4 47. Bxc3 Bxc3 48. Kxc3 Kd5 1/2-1/2

[Event "Summer Prague Open-A 2022"]
[Site "Prague"]
[Date "2022.08.06"]
[Round "2.20"]
[White "Toure, Ananth"]
[Black "Brejnik, Gustav"]
[Result "1/2-1/2"]
[ECO "B13"]
[WhiteElo "2055"]
[BlackElo "2292"]
[Annotator "RC"]
[PlyCount "101"]
[EventDate "2022.08.05"]
[EventType "swiss"]
[EventCountry "CZE"]
[SourceTitle "playchess.com"]
[Source "ChessBase"]
[SourceQuality "1"]
[TimeControl "40/5400+30:1800+30"]

1. e4 c6 2. d4 d5 3. exd5 cxd5 4. Bd3 Nc6 5. c3 Qc7 6. h3 g6 7. Qc2 f6 8. Nf3 e5 9. dxe5 fxe5 10. Bb5 Bd6 11. O-O Bf5 12. Qa4 Nge7 13. Re1 O-O 14. Bh6 Rfe8 15. Nbd2 a6 16. Bxc6 bxc6 17. Qh4 Bd3 18. g4 Nc8 19. Re3 e4 20. Ne1 Bc5 21. Rg3 Bd6 22. Re3 Bc5 23. Rg3 Be2 24. Nb3 Bb6 25. Nd4 Bxd4 26. cxd4 Nb6 27. Re3 Bb5 28. b3 a5 29. a4 Ba6 30. Rc1 Qd6 31. Qg3 Qxg3+ 32. Rxg3 Bb7 33. Bd2 Nd7 34. Ng2 Rec8 35. Rgc3 Nf8 36. Be3 Kf7 37. Kh2 Ne6 38. Nf4 Ng5 39. Kg3 Nf3 40. Ne2 Ke7 41. Ng1 Nxg1 42. Rxg1 Kd7 43. Rc5 Rf8 44. Rgc1 Rf3+ 45. Kg2 h5 46. Rg1 Kc7 47. gxh5 gxh5 48. Kh2 Bc8 49. Rg3 Rxg3 50. Kxg3 Bd7 51. Kh4 1/2-1/2

[Event "Summer Prague Open-A 2022"]
[Site "Prague"]
[Date "2022.08.06"]
[Round "2.21"]
[White "Santagati, Alessandro"]
[Black "Mansoor, Afras"]
[Result "1-0"]
[ECO "D38"]
[WhiteElo "2299"]
[BlackElo "2040"]
[Annotator "RC"]
[PlyCount "203"]
[EventDate "2022.08.05"]
[EventType "swiss"]
[EventCountry "CZE"]
[SourceTitle "playchess.com"]
[Source "ChessBase"]
[SourceQuality "1"]
[TimeControl "40/5400+30:1800+30"]

1. d4 Nf6 2. c4 e6 3. Nf3 d5 4. Nc3 Bb4 5. Qa4+ Nc6 6. e3 O-O 7. Bd2 Re8 8. Be2 Bf8 9. O-O Bd7 10. Qd1 dxc4 11. Bxc4 Na5 12. Bd3 c5 13. Ne5 Nc6 14. Qf3 Nxe5 15. dxe5 Bc6 16. e4 c4 17. Bxc4 Nxe4 18. Nxe4 Bxe4 19. Qe2 Bg6 20. Bb5 Re7 21. Bg5 a6 22. Rfd1 Qa5 23. Bxe7 Bxe7 24. Rd7 Qxb5 25. Qxb5 axb5 26. Rxe7 Be4 27. Rc1 Bc6 28. Rc7 g6 29. a3 Rd8 30. h4 h5 31. Rc2 Rd5 32. f4 Rd4 33. g3 Rd3 34. Kf2 Kf8 35. Rc3 Rd2+ 36. Ke3 Rxb2 37. Rd3 Ke8 38. Rc8+ Ke7 39. Rc7+ Ke8 40. Kd4 Rc2 41. Rc3 Rd2+ 42. Rd3 Rc2 43. Rc8+ Kd7 44. Rf8 Ke7 45. Rb8 Rc4+ 46. Ke3 Ra4 47. Rb3 Rc4 48. Kd2 Ra4 49. Kc2 Re4 50. Rc3 Rd4 51. Rb3 Rc4+ 52. Kd3 Be4+ 53. Kd2 Bc6 54. Rb4 Rc5 55. Rd4 Bd5 56. Ra8 Bc6 57. Rad8 Bd5 58. Rd6 Rc8 59. Rd3 Ra8 60. Rc3 Bc6 61. Rd4 Ra6 62. Kc2 Ra8 63. Kb3 Bd5+ 64. Kb2 Bc6 65. Rc5 Ra6 66. Kb3 Bd5+ 67. Rdxd5 exd5 68. Rxd5 Ra5 69. Rd6 Ra6 70. Rd3 Ra4 71. Rd5 Ra5 72. Kb2 Ke8 73. Rd3 Ra4 74. Rb3 Kd7 75. Rxb5 Kc6 76. Rb3 Re4 77. Rd3 b5 78. Kc3 Kc5 79. Kd2 Ra4 80. Ke3 Ra7 81. Ke4 Ra4+ 82. Kf3 Kc4 83. Rd7 Rxa3+ 84. Ke4 Rxg3 85. Rxf7 Rg1 86. Rc7+ Kb3 87. e6 Re1+ 88. Kd5 b4 89. e7 Ka2 90. Ra7+ Kb2 91. Kd6 b3 92. Kd7 Rd1+ 93. Ke6 Re1+ 94. Kf7 Kc2 95. Rc7+ Kd3 96. Rb7 Kc2 97. e8=Q Rxe8 98. Kxe8 b2 99. Kf7 b1=Q 100. Rxb1 Kxb1 101. Kxg6 Kc2 102. f5 1-0

[Event "Summer Prague Open-A 2022"]
[Site "Prague"]
[Date "2022.08.06"]
[Round "2.22"]
[White "Karas, Marek"]
[Black "Koval, Michal"]
[Result "1-0"]
[ECO "D00"]
[WhiteElo "2286"]
[BlackElo "2029"]
[Annotator "RC"]
[PlyCount "99"]
[EventDate "2022.08.05"]
[EventType "swiss"]
[EventCountry "CZE"]
[SourceTitle "playchess.com"]
[Source "ChessBase"]
[SourceQuality "1"]
[TimeControl "40/5400+30:1800+30"]

1. d4 d5 2. Bf4 Nf6 3. Nc3 a6 4. e3 Bf5 5. f3 e6 6. g4 Bg6 7. h4 h5 8. g5 Nfd7 9. Bd3 Bxd3 10. Qxd3 g6 11. e4 c6 12. O-O-O Nb6 13. Be5 Rg8 14. Bf6 Qc7 15. Nh3 N8d7 16. Kb1 Nxf6 17. gxf6 O-O-O 18. Ng5 Rd7 19. Ne2 Nc4 20. e5 Nxe5 21. dxe5 Qxe5 22. Nh7 Bh6 23. f4 Bxf4 24. Rhf1 Bh6 25. Rde1 Qd6 26. Ng1 e5 27. Nh3 e4 28. Qb3 Bd2 29. Re2 Ba5 30. N7g5 Bd8 31. Ref2 Re8 32. Nf4 e3 33. Re2 Bxf6 34. Rxe3 Rxe3 35. Qxe3 Re7 36. Qh3+ Kc7 37. Nfe6+ fxe6 38. Rxf6 Qe5 39. Qf1 Kd7 40. a3 Qd4 41. Rf7 Qg4 42. Qf6 Rxf7 43. Nxf7 Qd1+ 44. Ka2 c5 45. Qd8+ Kc6 46. Qc8+ Kb5 47. Nd6+ Ka5 48. Qxc5+ b5 49. Nb7+ Ka4 50. b3# 1-0

[Event "Summer Prague Open-A 2022"]
[Site "Prague"]
[Date "2022.08.06"]
[Round "2.23"]
[White "Salem Eid, Ahmed"]
[Black "Kvaloy, Aksel Bu"]
[Result "1/2-1/2"]
[ECO "C45"]
[WhiteElo "2165"]
[BlackElo "2289"]
[Annotator "RC"]
[PlyCount "82"]
[EventDate "2022.08.05"]
[EventType "swiss"]
[EventCountry "CZE"]
[SourceTitle "playchess.com"]
[Source "ChessBase"]
[SourceQuality "1"]
[TimeControl "40/5400+30:1800+30"]

1. e4 e5 2. Nf3 Nc6 3. d4 exd4 4. Nxd4 Nf6 5. Nxc6 bxc6 6. e5 Qe7 7. Qe2 Nd5 8. c4 Ba6 9. b3 g6 10. Ba3 Nb4 11. Bb2 Bg7 12. a3 Nd5 13. Nd2 O-O 14. O-O-O Rfe8 15. Qf3 Nb6 16. Ne4 d5 17. Nf6+ Bxf6 18. exf6 Qe4 19. Qxe4 Rxe4 20. Bd3 Ree8 21. c5 Bxd3 22. cxb6 Be2 23. b7 Rab8 24. Rde1 Rxb7 25. b4 Rbb8 26. Kd2 Bc4 27. Rxe8+ Rxe8 28. Re1 Rxe1 29. Kxe1 Kf8 30. Be5 Ke8 31. Bxc7 Kd7 32. Bb8 a6 33. Ba7 Ke6 34. Bd4 Kf5 35. f3 h5 36. h4 Kf4 37. Kf2 Bb5 38. Kg1 Be2 39. Kf2 Bb5 40. Kg1 Be2 41. Kf2 Bb5 1/2-1/2

[Event "Summer Prague Open-A 2022"]
[Site "Prague"]
[Date "2022.08.06"]
[Round "2.24"]
[White "Gonzalez Santamartina, Jorge"]
[Black "Slampa, Jan"]
[Result "1/2-1/2"]
[ECO "B38"]
[WhiteElo "2022"]
[BlackElo "2254"]
[Annotator "RC"]
[PlyCount "69"]
[EventDate "2022.08.05"]
[EventType "swiss"]
[EventCountry "CZE"]
[SourceTitle "playchess.com"]
[Source "ChessBase"]
[SourceQuality "1"]
[TimeControl "40/5400+30:1800+30"]

1. c4 c5 2. Nf3 Nc6 3. d4 cxd4 4. Nxd4 g6 5. e4 Bg7 6. Be3 d6 7. Nc3 Bd7 8. Be2 Nf6 9. O-O O-O 10. Qd2 Rc8 11. f3 b6 12. b3 Nxd4 13. Bxd4 Bc6 14. Rfd1 Rc7 15. Rac1 Qa8 16. Nd5 Bxd5 17. cxd5 Rfc8 18. Be3 Nd7 19. Ba6 Rxc1 20. Rxc1 Rxc1+ 21. Qxc1 Nc5 22. Bb5 a5 23. Qc4 Bb2 24. Kf2 Qf8 25. b4 axb4 26. Qxb4 Qg7 27. Be2 Qf6 28. Kg1 Nd7 29. Kh1 Bc3 30. Qc4 Nc5 31. Qb5 Ba5 32. Bf1 h5 33. Qc4 h4 34. Qd4 Qxd4 35. Bxd4 1/2-1/2

[Event "Summer Prague Open-A 2022"]
[Site "Prague"]
[Date "2022.08.07"]
[Round "3.1"]
[White "Gloser, David"]
[Black "Zanan, Evgeny"]
[Result "1/2-1/2"]
[ECO "B46"]
[WhiteElo "2221"]
[BlackElo "2521"]
[Annotator "TA"]
[PlyCount "88"]
[EventDate "2022.08.05"]
[EventType "swiss"]
[EventCountry "CZE"]
[SourceTitle "playchess.com"]
[Source "ChessBase"]
[SourceQuality "1"]
[TimeControl "40/5400+30:1800+30"]

1. e4 c5 2. Nf3 e6 3. d4 cxd4 4. Nxd4 Nc6 5. Nc3 a6 6. Be3 Nf6 7. Nxc6 {[%emt 0:06:06] 7.a3 is becoming the main line.} bxc6 {[%emt 0:02:21] B46: Sicilian: Taimanov: 5 Nc3 a6.} 8. e5 Nd5 9. Nxd5 cxd5 10. Bd3 Qc7 11. Bd4 g6 {[%emt 0:17:48] [#]} (11... Bc5 {looks sharper.} 12. Qg4 O-O 13. O-O a5) 12. Qe2 $146 ({Predecessor:} 12. O-O Bg7 13. Qe2 O-O 14. Rac1 d6 15. f4 Qb8 16. c3 Bb7 17. Rc2 Rc8 18. h4 dxe5 19. fxe5 {1-0 (33) Bonini,R (1859)-Magnabosco,M (1815) Casaleone 2014}) 12... Rb8 13. h4 h5 14. Kf1 a5 15. Rh3 Bg7 16. Re1 Qc6 (16... O-O $11) 17. c3 $14 a4 18. Kg1 d6 (18... Qb7 $14) 19. Rg3 $16 Rb7 20. Qe3 $1 dxe5 21. Bxe5 Bxe5 22. Qxe5 Rf8 (22... Rg8 $142 23. c4 Qc7) 23. c4 $1 $18 Qc7 24. Qc3 ({And not} 24. cxd5 Qxe5 25. Rxe5 Rxb2 $11) 24... dxc4 25. Bxc4 {[%emt 0:00:44] Rd1 is the strong threat.} Ke7 26. Rd3 {[%emt 0:04:52] Threatens to win with Qa3+.} Qc5 {[%emt 0:00:16] [#]} 27. b3 (27. Rf3 $1 $18 {has better winning chances. Black must now prevent Qf6+.} Bd7 28. Qf6+ (28. b4 Rxb4 29. Rc1 Rb6 $14) 28... Ke8 {[#]} 29. Rd1 $1) 27... axb3 $16 28. axb3 {[%emt 0:00:06] Strongly threatening Re2.} Rd7 29. Rf3 {[%emt 0:03:40] White is more active.} (29. Rxd7+ $16 Bxd7 30. Re3) 29... Rd4 $11 30. Qe3 {[%emt 0:01:58] aiming for Rc1.} Rfd8 31. Rf4 Qd6 32. Rxd4 Qxd4 33. Qxd4 Rxd4 {[%emt 0:00:04][%mdl 4096] Endgame KRB-KRB} 34. g3 $1 Bb7 35. Kf1 Bf3 36. Be2 Bd5 37. Rb1 $1 Rb4 38. Bd1 $1 f5 39. Ke1 f4 40. Kd2 e5 41. Kc3 Rd4 42. Ra1 Kf6 43. Ra6+ Kf5 (43... Kf7 $11 44. Bc2 fxg3 45. Bxg6+ Kg7 46. fxg3 Rg4 47. Bxh5 Rxg3+ 48. Kb4 Bxb3) 44. Be2 ({White should play} 44. Bc2+ $16 Be4 45. Ra4 (45. Bxe4+ Rxe4 46. b4 fxg3 $11)) 44... fxg3 {[%emt 0:03:27] Black escapes into a draw.  Weighted Error Value: White=0.13 (very precise) /Black=0.18 (very precise)} 1/2-1/2

[Event "Summer Prague Open-A 2022"]
[Site "Prague"]
[Date "2022.08.07"]
[Round "3.2"]
[White "Mirzoev, Azer"]
[Black "Jedlicka, Ales"]
[Result "1-0"]
[ECO "E21"]
[WhiteElo "2424"]
[BlackElo "2216"]
[Annotator "TA"]
[PlyCount "95"]
[EventDate "2022.08.05"]
[EventType "swiss"]
[EventCountry "CZE"]
[SourceTitle "playchess.com"]
[Source "ChessBase"]
[SourceQuality "1"]
[TimeControl "40/5400+30:1800+30"]

1. d4 Nf6 2. Nf3 e6 3. c4 b6 4. Nc3 Bb4 5. Qb3 a5 6. Bg5 Bb7 7. e3 h6 8. Bh4 {[%emt 0:00:07] E12: Queen's Indian: Unusual White 4th moves, 4 a3, 4 Nc3 Bb7 5 a3 and 4 Nc3 Bb7 .} g5 9. Bg3 Ne4 10. Nd2 {[%emt 0:02:42] [#] The position is equal.} Nxg3 $146 (10... Bxc3 $5 11. bxc3 Nxg3 12. hxg3 d6 $11) ({Predecessor:} 10... Bxc3 11. bxc3 Nxd2 12. Kxd2 d6 13. Rd1 Nd7 14. Kc1 Bc6 15. f3 h5 16. e4 h4 {½-½ (57) Ivanisevic,I (2560)-Ostojic,N (2451) Herceg Novi 2001}) 11. hxg3 d6 12. O-O-O Nd7 13. f3 Qe7 14. Bd3 O-O-O (14... g4 $5) 15. Be4 Bxe4 16. Ndxe4 {[%emt 0:01:42] Black should prevent Na4.} f5 17. Nf2 Bxc3 18. Qxc3 Nf6 19. Qc2 Kb8 20. Kb1 h5 21. a3 h4 22. gxh4 gxh4 23. Nh3 Nh5 24. Rhe1 Rhg8 25. e4 fxe4 26. Rxe4 Ng3 27. Re3 Qf6 28. Red3 Nf5 29. R1d2 Ne7 30. Ka2 Qf5 31. Qd1 Rg7 32. Re3 Rdg8 33. Ree2 Nc6 34. Qa4 Kb7 35. d5 exd5 ({Don't play} 35... Ne5 36. f4 Ng6 37. Rxe6 $16) 36. cxd5 Ne5 37. Nf4 Rf7 38. Rd4 Qd7 39. Qb3 h3 40. gxh3 Rg3 (40... Rg1 $11 {remains equal.}) 41. Re3 $16 a4 $2 {[%emt 0:34:36][%mdl 8192] [#] Black cannot hold the game after this.} (41... Ka7 $16) 42. Rxa4 $18 Rf6 43. Rc3 Rg1 $2 (43... Rxf3 44. Rxf3 Nxf3) 44. Ne6 Rxf3 45. Rxf3 Nxf3 46. Qc4 (46. Nd8+ $142 Kb8 47. Nc6+ Qxc6 48. dxc6 Ne5 49. Qe6 Ra1+ 50. Kxa1 Nxc6 51. Qg8+ Nd8 52. Qxd8+ Kb7 53. Qa8#) 46... b5 47. Rb4 Kb6 48. Nd4 {[%emt 0:00:00] Weighted Error Value: White=0.08 (flawless) /Black=0.52} (48. a4 $142 Nd4 49. Nxd4 c5 50. dxc6 Kc7 51. Nxb5+ Kd8 52. cxd7 Ra1+ 53. Kxa1) 1-0

[Event "Summer Prague Open-A 2022"]
[Site "Prague"]
[Date "2022.08.07"]
[Round "3.3"]
[White "Brozka, Karel"]
[Black "Cernousek, Lukas"]
[Result "0-1"]
[ECO "D91"]
[WhiteElo "2188"]
[BlackElo "2429"]
[Annotator "TA"]
[PlyCount "120"]
[EventDate "2022.08.05"]
[EventType "swiss"]
[EventCountry "CZE"]
[SourceTitle "playchess.com"]
[Source "ChessBase"]
[SourceQuality "1"]
[TimeControl "40/5400+30:1800+30"]

1. d4 Nf6 2. c4 g6 3. Nc3 d5 4. Nf3 Bg7 5. Bg5 Ne4 6. cxd5 Nxg5 7. Nxg5 e6 8. Nf3 exd5 9. e3 O-O 10. b4 c6 11. Be2 Be6 12. O-O Nd7 13. Na4 {[%emt 0:08:24] D91: Grünfeld: 4 Nf3 Bg7 5 Bg5.} f5 {[%emt 0:28:50] [#]} 14. b5 $146 ({Predecessor:} 14. Nc5 Nxc5 15. bxc5 f4 16. Rb1 Qc7 17. Rb3 Bh6 18. Ne5 fxe3 19. fxe3 b6 20. cxb6 axb6 21. Rxf8+ Kxf8 {0-1 (34) Dungl,M (1957)-Strnad,O (1786) Kouty nad Desnou 2011}) 14... cxb5 (14... f4 $5 ) 15. Bxb5 {[%emt 0:00:14] The position is equal.} f4 16. Qb3 fxe3 17. fxe3 Kh8 18. Bxd7 Bxd7 19. Nc5 Qe7 {[%emt 0:19:32] Inhibits Ne5.} 20. Rae1 b6 21. Nd3 Be6 22. Nf4 Bg8 23. Qb5 Rac8 24. Qd3 ({Don't play} 24. Nxd5 Qe4 25. Nf4 Bc4 $17) 24... Rc6 25. Ne5 Bxe5 26. dxe5 Re8 27. e4 (27. Nxd5 $11 {keeps the balance.} Qxe5 28. e4) 27... Qc5+ $17 28. Kh1 d4 29. Ne2 (29. Nd5 $17 {is a better defense.}) 29... Qxe5 $19 30. Qxd4 Qxd4 31. Nxd4 Rc4 32. Nb5 Rcxe4 33. Rc1 Bc4 ({Less strong is} 33... Bxa2 34. Nd6 $14) 34. Nd6 Bxf1 35. Nxe4 {[%emt 0:00:20][%mdl 4096] Endgame KRB-KRN} Ba6 36. Nc3 Rd8 37. Rc2 (37. Kg1 $17) 37... Rc8 38. Kg1 {[%emt 0:00:26] [#]} b5 $1 39. a3 Bb7 40. Kf2 a5 {[%emt 0:00:01][%cal Ba7a5,Ba5b4,Bb4b3][%mdl 32] Threatens to win with ...b4.} 41. Rc1 $2 (41. Re2 b4 42. axb4 axb4 43. Nd1) 41... b4 42. axb4 axb4 43. Ne2 Rxc1 44. Nxc1 {[%emt 0:00:00] KB-KN} Kg7 45. g3 Kf6 46. Ke3 Kf5 {[%emt 0:00:00] [#] Hoping for ...Bc8.} 47. Nd3 b3 48. Nb2 Ba6 49. Nd1 Bb5 50. Nb2 Ke5 51. Nd1 Kd5 52. Nb2 Kc5 {[%emt 0:00:00] aiming for ...Kd5.} 53. Nd1 Kb4 {[%emt 0:00:00] Strongly threatening ...Ka3.} 54. Kd2 Ka3 {[%emt 0:00:00] ( -> ...b2)} 55. Kc3 {[%emt 0:00:00] Prevents b2.} (55. Kc1) 55... Ba6 56. Kd2 b2 {[%emt 0:00:00] Black mates.} 57. Nxb2 Kxb2 58. Ke3 h5 59. Kf4 Bc8 60. Kg5 Bf5 {[%emt 0:00:05] Weighted Error Value: White=0.75/Black=0.17 (very precise)} 0-1